 Dungeon Crawl Stone Soup version 0.18.1-50-g88ac8fd (webtiles) character file.

8284 Amnesiac the Pioneer (level 11, -8/63 HPs)
             Began as a Deep Elf Fighter on Mar 2, 2018.
             Was an Elder of Pakellas.
             Mangled by a white ugly thing (25 damage)
             ... on level 11 of the Dungeon.
             The game lasted 00:25:01 (12827 turns).

Amnesiac the Pioneer (Deep Elf Fighter)            Turns: 12827, Time: 00:25:02

Health: -8/63      AC: 21    Str: 16    XL:     11   Next: 7%
Magic:  22/22      EV:  6    Int: 14    God:    Pakellas [****..]
Gold:   501        SH: 11    Dex: 14    Spells: 1 memorised, 9 levels left

rFire  . . .     SeeInvis .     b - +3 hand crossbow (velocity)
rCold  . . .     Gourm    .     v - +0 plate armour
rNeg   . . .     Faith    .     c - +0 shield
rPois  .         Spirit   .     x - +1 helmet
rElec  .         Dismiss  .     G - +2 cloak
rCorr  .         Reflect  .     X - +2 pair of gloves {archery}
SustAt +         Harm     +     h - +0 pair of boots
MR     +....                    N - amulet of harm
Stlth  ..........               B - ring of wizardry
                                j - ring of sustain attributes

@: somewhat resistant to hostile enchantments, extremely unstealthy
A: no striking features
a: Quick Charge, Device Surge, Renounce Religion


You were on level 11 of the Dungeon.
You worshipped Pakellas.
Pakellas was greatly pleased with you.
You were not hungry.

You visited 2 branches of the dungeon, and saw 12 of its levels.

You collected 831 gold pieces.
You spent 330 gold pieces at shops.

Inventory:

Hand Weapons
 a - a +0 rapier of draining
 b - a +3 hand crossbow of velocity (weapon)
 V - a +2 hunting sling of freezing
Missiles
 i - 362 stones
 k - 7 curare-tipped needles
 t - 57 poisoned needles
 z - 3 throwing nets
 F - 62 bolts (quivered)
 I - 5 needles of sleeping
 P - 2 needles of frenzy
 W - 60 sling bullets
Armour
 c - a +0 shield (worn)
 h - a +0 pair of boots (worn)
 v - a +0 plate armour (worn)
 x - a +1 helmet (worn)
 G - a +2 cloak (worn)
 X - a +2 pair of gloves of archery (worn)
Jewellery
 j - a ring of sustain attributes (left hand)
 B - a ring of wizardry (right hand)
 N - an amulet of harm (around neck)
Wands
 e - a wand of acid (3/15)
 q - a wand of teleportation (6/9)
 s - a wand of paralysis (15/24)
 D - a wand of random effects (5/48)
 H - a wand of slowing (21/48)
 O - a wand of iceblast (8/15)
 S - a wand of lightning (2/15)
 T - a wand of flame (36/48)
Scrolls
 g - 2 scrolls of magic mapping {!r}
 l - a scroll of fog {!r}
 y - a scroll of recharging {!r}
 C - 8 scrolls of teleportation {!r}
 Q - a scroll of remove curse {!r}
Potions
 d - 2 potions of might {!q}
 n - 3 potions of heal wounds {!q}
 o - 3 potions of agility {!q}
 p - a potion of cure mutation {!q}
 r - 2 potions of mutation {!q}
 A - 5 potions of brilliance {!q}
 E - a potion of invisibility {!q}
 K - 3 potions of magic {!q}
 L - 3 potions of curing {!q}
 Y - a potion of cancellation {!q}
Miscellaneous
 R - a lamp of fire
 U - a phantom mirror
Comestibles
 f - 8 bread rations
 m - 3 meat rations
 u - 4 fruits
 w - 11 chunks of flesh
 J - 2 slices of pizza
 Z - a beef jerky


   Skills:
 - Level 5.0 Fighting
 - Level 4.0 Short Blades
 - Level 4.0 Armour
 - Level 7.0 Dodging
 + Level 8.0 Shields
 - Level 12.0 Evocations


You had 9 spell levels left.
You knew the following spells:

 Your Spells              Type           Power        Failure   Level  Hunger
a - Summon Butterflies    Summ           #.......     100%        1    ##.....


Dungeon Overview and Level Annotations

Branches:
Dungeon (11/15)            Temple (1/1) D:4             Orc (0/2) D:10
   Lair: D:8-11

Altars:
Ashenzari
Cheibriados
Dithmenos
Elyvilon
Fedhas
Gozag
Kikubaaqudgha
Makhleb
Nemelex Xobeh
Okawaru
Pakellas
Qazlal
Ru
Sif Muna
Trog
Vehumet
Xom
Yredelemnul
Zin
The Shining One

Shops:
D:5 (   D:9 [

Annotations:
D:2 Crazy Yiuf


Message History

Press: ? - help, Shift-Dir - straight line, f/p - white ugly thing
Aim: a white ugly thing (heavily wounded)
You shoot a bolt.
The bolt closely misses the white ugly thing.
The bolt hits the jackal.
You kill the jackal!
Pakellas accepts your kill.
You block the white ugly thing's attack.
The white ugly thing gores you but does no damage.
Firing (i - inventory. (,) - cycle):
F - 67 bolts (quivered)
Press: ? - help, Shift-Dir - straight line, f/p - white ugly thing
Aim: a white ugly thing (heavily wounded)
You shoot a bolt.
The bolt barely misses the white ugly thing.
The bolt hits the jackal!
You kill the jackal!
Pakellas accepts your kill.
Pakellas collects the excess magic power.
The white ugly thing closely misses you.
Firing (i - inventory. (,) - cycle):
F - 66 bolts (quivered)
Press: ? - help, Shift-Dir - straight line, f/p - white ugly thing
Aim: a white ugly thing (heavily wounded)
You shoot a bolt. The bolt hits the white ugly thing!
The white ugly thing is severely wounded.
The white ugly thing gores you but does no damage. x2
Firing (i - inventory. (,) - cycle):
F - 65 bolts (quivered)
Press: ? - help, Shift-Dir - straight line, f/p - white ugly thing
Aim: a white ugly thing (severely wounded)
You shoot a bolt. The bolt hits the white ugly thing.
The white ugly thing is severely wounded.
The white ugly thing gores you but does no damage.
Firing (i - inventory. (,) - cycle):
F - 64 bolts (quivered)
Press: ? - help, Shift-Dir - straight line, f/p - white ugly thing
Aim: a white ugly thing (severely wounded)
You shoot a bolt.
The bolt barely misses the white ugly thing.
The bolt hits the sky beast!
The sky beast is almost dead.
The white ugly thing gores you! The white ugly thing freezes you!!
* * * LOW HITPOINT WARNING * * *
The white ugly thing gores you but does no damage.
Evoke which item? (* to show all) (? for menu, Esc to quit)
Zapping:
e - a wand of acid (4/15)
Press: ? - help, Shift-Dir - straight line, f/p - white ugly thing
Aim: a white ugly thing (severely wounded)
The bolt of acid hits the white ugly thing.
The acid corrodes the white ugly thing!
The white ugly thing is almost dead.
The bolt of acid hits the sky beast.
The acid corrodes the sky beast!
You kill the sky beast!
Pakellas accepts your kill.
Your Shields skill increases to level 8!
This wand has 3 charges left.
The white ugly thing gores you but does no damage.
Firing (i - inventory. (,) - cycle):
F - 63 bolts (quivered)
Press: ? - help, Shift-Dir - straight line, f/p - white ugly thing
Aim: a white ugly thing (almost dead, covered in acid)
You shoot a bolt. The bolt hits the white ugly thing.
The white ugly thing is almost dead.
The white ugly thing gores you.
* * * LOW HITPOINT WARNING * * *
The white ugly thing freezes you!!
You die...
Pakellas says: Good help is so hard to find these days!

## ... ###########
<... #.........# .....
#.........# ......####
#.........#
(....((..###.........#
(.....##((u@.........#
..... #####.........#
##+# ######<#### #.#
##.# #..# #+##########
#.## ..P.[......#
########'##
P.P.......>#
#.........#


You could see a white ugly thing.

Vanquished Creatures
  Erica (D:7)
  A hill giant (D:11)
  An ugly thing (D:11)
  Joseph (D:10)
  The ghost of Amnesiac the Slicer, a novice DEFi (D:6)
  A gargoyle (D:11)
  A komodo dragon (D:10)
  A shadow (D:11)
  A hungry ghost (D:7)
  2 hippogriffs
  The ghost of Amnesiac the Ducker, an amateur DEFi of Gozag (D:4)
  2 water moccasins
  An orc warrior (D:6)
  Duvessa (D:4)
  2 sky beasts
  A black bear (D:7)
  3 phantoms
  A necrophage (D:8)
  3 ice beasts
  A wasp (D:11)
  3 ogres
  7 centaurs
  A big kobold (D:9)
  2 crocodiles (D:11)
  The ghost of Amnesiac the Cutter, an amateur DEFi (D:3)
  Blork the orc (D:6)
  4 giant frogs
  2 gnoll sergeants (D:8)
  3 scorpions
  3 killer bees (D:8)
  A howler monkey (D:5)
  6 crimson imps
  2 quasits
  5 hounds
  6 orc wizards
  5 orc priests
  4 jellies
  A centaur skeleton (D:10)
  A giant frog skeleton (D:5)
  Jessica (D:2)
  Ijyb (D:2)
  An iguana (D:8)
  6 worker ants
  2 worker ant zombies
  18 gnolls
  A howler monkey skeleton (D:6)
  15 adders
  4 river rats
  3 shadow imps
  3 oozes
  An adder skeleton (D:8)
  2 worms
  2 dart slugs
  4 giant geckos
  26 orcs
  13 bats
  3 giant cockroaches
  2 gnoll zombies (D:2)
  9 goblins
  8 hobgoblins
  10 jackals
  3 quokkas
  2 ball pythons (D:1)
  A giant gecko skeleton (D:5)
  2 giant newts
  A jackal skeleton (D:5)
  15 kobolds
  18 rats
262 creatures vanquished.

Vanquished Creatures (others)
  5 fungi (D:11)
5 creatures vanquished.

Grand Total: 267 creatures vanquished

Notes
Turn   | Place    | Note
--------------------------------------------------------------
     0 | D:1      | Amnesiac the Deep Elf Fighter began the quest for the Orb.
     0 | D:1      | Reached XP level 1. HP: 13/13 MP: 3/3
   230 | D:1      | Reached XP level 2. HP: 4/18 MP: 4/4
   790 | D:1      | Reached XP level 3. HP: 21/22 MP: 5/5
  1370 | D:2      | Reached skill level 1 in Dodging
  1471 | D:2      | Found a white marble altar of Elyvilon.
  1553 | D:2      | Reached XP level 4. HP: 27/27 MP: 6/6
  1565 | D:2      | Found a basalt altar of Yredelemnul.
  1707 | D:2      | Noticed Crazy Yiuf
  1825 | D:2      | Noticed Jessica
  1826 | D:2      | Found a sacrificial altar of Ru.
  1832 | D:2      | Killed Jessica
  2329 | D:3      | Noticed Ijyb
  2389 | D:3      | Reached XP level 5. HP: 32/32 MP: 7/7
  2437 | D:2      | Killed Ijyb
  2612 | D:3      | Noticed Amnesiac's ghost (amateur DEFi)
  2905 | D:4      | Found a blossoming altar of Fedhas.
  3009 | D:4      | Noticed Amnesiac's ghost (amateur DEFi)
  3014 | D:4      | Found a staircase to the Ecumenical Temple.
  3018 | Temple   | Entered the Ecumenical Temple
  3164 | D:4      | Killed Amnesiac's ghost
  3164 | D:4      | Reached XP level 6. HP: 23/37 MP: 8/8
  3457 | D:3      | Killed Amnesiac's ghost
  3878 | D:3      | Found a burning altar of Makhleb.
  3886 | D:3      | Reached XP level 7. HP: 40/42 MP: 9/9
  3955 | D:5      | Entered Level 5 of the Dungeon
  4287 | D:4      | Noticed Dowan
  4288 | D:4      | Noticed Duvessa
  5238 | D:5      | Reached skill level 1 in Evocations
  5244 | D:5      | Found Rukes's Weapon Emporium.
  5252 | D:5      | Reached skill level 2 in Evocations
  5360 | D:5      | Found a snail-covered altar of Cheibriados.
  5360 | D:5      | Found a stormy altar of Qazlal.
  5484 | D:4      | Reached skill level 3 in Evocations
  5484 | D:4      | Reached XP level 8. HP: 32/48 MP: 12/12
  5508 | D:4      | Killed Duvessa
  5508 | D:4      | Reached skill level 4 in Evocations
  5676 | D:4      | Noticed Dowan
  5676 | D:4      | Dowan changed into Dowan the river rat
  5682 | D:4      | Killed Dowan the river rat
  6332 | D:6      | Reached skill level 5 in Evocations
  6375 | D:6      | Noticed Amnesiac's ghost (novice DEFi)
  6391 | D:6      | Killed Amnesiac's ghost
  6391 | D:6      | Reached skill level 7 in Evocations
  6784 | D:6      | Noticed Blork the orc
  6787 | D:6      | Killed Blork the orc
  7031 | D:6      | Reached skill level 8 in Evocations
  7309 | D:6      | Reached XP level 9. HP: 44/52 MP: 17/17
  7464 | D:7      | Got a warped great mace
  7557 | D:7      | Reached skill level 9 in Evocations
  7657 | D:7      | Identified the cursed +3 great mace "Sarghexoi" {elec, rC++} (You found it on level 7 of the Dungeon)
  8259 | D:8      | Found an oddly glowing altar of Pakellas.
  8286 | D:8      | Became a worshipper of Pakellas the Inventive
  8955 | D:8      | Reached * piety under Pakellas
  8955 | D:8      | Received a gift from Pakellas
  8955 | D:8      | Reached skill level 10 in Evocations
  8994 | D:8      | Found a radiant altar of Vehumet.
  8997 | D:8      | Noticed Erica
  9105 | D:7      | Killed Erica
  9105 | D:7      | Reached skill level 11 in Evocations
  9305 | D:8      | Found an ancient bone altar of Kikubaaqudgha.
  9306 | D:8      | Found a deep blue altar of Sif Muna.
  9310 | D:8      | Identified Sif Muna's Tome of Calling
  9316 | D:8      | Learned a level 1 spell: Summon Butterflies
  9457 | D:8      | Reached skill level 12 in Evocations
  9777 | D:8      | Reached skill level 5 in Dodging
  9777 | D:8      | Reached XP level 10. HP: 40/56 MP: 21/21
 10064 | D:8      | Reached ** piety under Pakellas
 10064 | D:8      | Received a gift from Pakellas
 10490 | D:9      | Found Tonin's Armour Boutique.
 10496 | D:9      | Bought a +1 pair of gloves of archery for 165 gold pieces
 10507 | D:9      | Bought a +2 cloak for 165 gold pieces
 10743 | D:9      | Found an opulent altar of Gozag.
 10785 | D:9      | Reached skill level 5 in Fighting
 11114 | D:10     | Entered Level 10 of the Dungeon
 11153 | D:10     | Found a staircase to the Orcish Mines.
 11204 | D:10     | Noticed Joseph
 11212 | D:10     | Killed Joseph
 11312 | D:6      | Reached skill level 5 in Shields
 11635 | D:10     | Reached *** piety under Pakellas
 11635 | D:10     | Received a gift from Pakellas
 12185 | D:11     | Noticed a green ugly thing
 12205 | D:11     | Noticed a hill giant
 12217 | D:11     | Killed a hill giant
 12470 | D:11     | Noticed a white ugly thing
 12486 | D:11     | Killed a white ugly thing
 12590 | D:11     | Noticed a gargoyle
 12623 | D:11     | Killed a gargoyle
 12623 | D:11     | Reached XP level 11. HP: 51/63 MP: 22/22
 12694 | D:11     | Reached **** piety under Pakellas
 12694 | D:11     | Received a gift from Pakellas
 12810 | D:11     | Noticed a white ugly thing
 12827 | D:11     | Mangled by a white ugly thing

Skill      XL: |  1  2  3  4  5  6  7  8  9 10 11 |
---------------+----------------------------------+-----
Short Blades   | 3 4 |  4.0
Dodging        | 1 2 3 4 5 7 |  7.0
Fighting       | 3 4 5 |  5.0
Shields        | 4 7 8 |  8.0
Armour         | 4 |  4.0
Evocations     | 3 8 12 | 12.0

Action                   |  1- 3 |  4- 6 |  7- 9 | 10-12 || total
-------------------------+-------+-------+-------+-------++-------
Melee: Rapier            |   164 |   263 |   353 |       ||   780
 Fire: Hand crossbow     |       |       |   234 |   267 ||   501
Evoke: Wand              |       |    13 |    13 |     5 ||    31
  Use: Scroll            |       |    11 |     5 |     7 ||    23
       Potion            |       |       |     2 |     5 ||     7
 Stab: Paralysed         |       |     3 |       |       ||     3
  Eat: Chunk             |     2 |     8 |    19 |     9 ||    38
       Royal jelly       |       |       |     1 |       ||     1
       Beef jerky        |       |       |     1 |       ||     1
       Fruit             |       |       |       |     1 ||     1
Armor: Scale mail        |     5 |       |       |       ||     5
       Chain mail        |    77 |   100 |       |       ||   177
       Plate armour      |       |    46 |   306 |   106 ||   458
Dodge: Dodged            |    17 |    45 |    98 |    48 ||   208
Block: Shield            |    75 |    89 |       |    35 ||   199
       Buckler           |       |    12 |    90 |    31 ||   133
